AoeStats
← b站江条

Arabia

503566952Analyzed
1v1 RM · 1mo ago on Sep 1, 2026· 26m 39s· 2 players
Game mode
Random Map
Map size
Tiny (2 player)
Population
200
Speed
Normal
Resources
Standard
Victory
Conquest
Starting age
Dark Age
Ending age
Imperial Age
RankedLock teamsTeams togetherTeam positionsShared explorationLock speedFull tech treeHidden civsTurbo modeCheats
Victory
Defeat
🇨🇳 Maya · China
1336
+18
🇳🇴 Vietnamese · Norway
1372
-18
b站江条
0:25 Loom
8:43 Feudal Age
10:15 Double-Bit Axe
14:55 Town Watch
16:58 Wheelbarrow
18:35 Horse Collar
19:24 Fletching
23:52 Castle Age
22:16 Padded Archer Armor
22:13 Gold Mining
24:39 Bodkin Arrow
24:07 Crossbowman
Option
9:30 Loom
11:23 Feudal Age
11:45 Man-at-Arms
13:42 Double-Bit Axe
13:41 Horse Collar
15:11 Fletching
16:11 Padded Archer Armor
26:10 Castle Age
24:21 Gold Mining
27:03 Bodkin Arrow
Connection lost

Rejoining the realm…

Still unreachable

The connection could not be restored.

Session expired

The server has moved on; the page needs a fresh start.